Map: Submarine LE

Players

Silky - Winner!

  • Race: Zerg Zerg
  • Spawn Location: 5:00

Vindicta

  • Race: Terran Terran
  • League: Master
  • Spawn Location: 11:00

Event: DreamHack SC2 Masters 2020 Fall

VOD

Have the link to the VOD?

Description

Time

  • Played on: Sept. 4, 2020, 4:04 p.m.
  • Length: 21:44

All games in this series

Show
View Real Time Build Order
Export as new Build Order

Silky Zerg - Winner!

Build Orders: Pool First, Muta Ling Bane 

Get SALT Encoding   

  12  0:02  Drone  
  13  0:14  Overlord  
  13  0:17  Drone  
  14  0:32  Drone x2  
  16  0:40  Spawning Pool  
  15  0:44  Drone  
  15  0:48  Drone  
  17  1:08  Hatchery  
  17  1:10  Drone  
  17  1:25  Extractor  
  16  1:27  Zergling x4  
  16  1:29  Zergling x2  
  16  1:31  Queen  
  21  1:40  Overlord  
  21  1:52  Drone  
  22  2:02  Drone  
  22  2:07  Queen  
  25  2:13  Drone  
  26  2:21  Drone  
  27  2:27  Drone  
  28  2:30  Metabolic Boost  
  28  2:34  Drone x2  
  30  2:43  Hatchery  
  30  2:44  Drone  
  30  2:48  Drone  
  30  2:49  Drone  
  31  2:54  Overlord  
  31  3:01  Queen  
  33  3:06  Drone x2  
  35  3:13  Drone x2  
  35  3:17  Drone x2  
  39  3:20  Overlord  
  39  3:22  Drone  
  40  3:27  Drone x2  
  40  3:29  Drone  
  43  3:37  Queen  
  43  3:39  Drone  
  43  3:40  Drone  
  47  3:48  Drone  
  47  3:50  Zergling x4, Baneling Nest  
  47  3:55  Queen, Drone  
  50  3:56  Drone  
  50  4:00  Drone x2  
  54  4:06  Zergling x4  
  54  4:07  Drone  
  57  4:11  Overlord  
  57  4:12  Overlord  
  57  4:22  Spore Crawler  
  56  4:24  Spore Crawler, Queen  
  57  4:33  Baneling x6  
  57  4:34  Zergling x2  
  57  4:35  Zergling x10  
  63  4:39  Baneling  
  62  4:46  Drone  
  62  4:47  Drone x7  
  62  4:50  Queen  
  69  4:53  Drone  
  69  4:54  Drone  
  69  4:57  Overlord  
  70  5:00  Drone x3  
  70  5:05  Overlord  
  73  5:11  Lair  
  73  5:12  Extractor  
  73  5:13  Drone, Extractor x2  
  73  5:14  Overlord  
  71  5:16  Overlord  
  71  5:19  Drone  
  71  5:20  Drone  
  73  5:31  Drone x6  
  77  5:38  Drone x4  
  77  5:40  Drone  
  82  5:47  Drone  
  82  5:48  Drone  
  84  5:51  Drone x2  
  84  5:55  Drone x2  
  84  5:56  Extractor  
  87  5:57  Extractor  
  87  5:58  Drone  
  87  6:03  Hatchery  
  86  6:08  Drone x2  
  86  6:09  Evolution Chamber, Drone  
  86  6:10  Evolution Chamber, Centrifical Hooks  
  86  6:11  Spire  
  86  6:14  Overlord  
  86  6:15  Drone  
  87  6:21  Zergling x8  
  87  6:22  Zergling x6  
  94  6:27  Overlord x2  
  94  6:34  Zergling x4  
  94  6:35  Zergling x6  
  94  6:37  Zerg Ground Armor Level 1  
  94  6:39  Zerg Melee Weapons Level 1  
  99  6:40  Zergling x2  
  99  6:44  Zergling x2  
  101  6:49  Zergling x10  
  101  6:50  Zergling x6  
  101  6:53  Queen  
  111  6:59  Overlord  
  111  7:01  Overlord  
  108  7:12  Drone x2  
  106  7:18  Drone x3  
  106  7:21  Drone x2  
  108  7:25  Mutalisk x2  
  108  7:26  Mutalisk x6  
  124  7:33  Overlord  
  123  7:38  Drone x3  
  123  7:40  Zergling x6  
  128  7:47  Mutalisk x3  
  132  7:51  Overlord  
  132  7:53  Mutalisk  
  132  7:58  Baneling x6  
  133  7:59  Zergling x4  
  133  8:05  Drone x2  
  135  8:14  Mutalisk  
  135  8:15  Mutalisk x2  
  132  8:20  Zergling x2  
  132  8:21  Zergling x18  
  123  8:27  Mutalisk  
  123  8:30  Mutalisk  
  123  8:31  Extractor  
  123  8:33  Zergling x4  
  127  8:42  Mutalisk x2  
  127  8:45  Drone x4  
  135  8:48  Baneling x4  
  135  8:49  Baneling  
  135  8:50  Zergling x4  
  135  8:52  Hatchery  
  135  8:54  Zergling x4  
  135  8:55  Hatchery  
  137  8:59  Zerg Melee Weapons Level 2  
  137  9:01  Zergling x12  
  143  9:06  Zergling x4  
  143  9:07  Zergling x4  
  147  9:12  Overlord  
  147  9:13  Drone x3  
  147  9:16  Zerg Ground Armor Level 2  
  150  9:19  Zergling x6  
  153  9:25  Baneling x7  
  153  9:26  Overseer, Baneling  
  153  9:28  Drone  
  153  9:29  Drone x2, Extractor  
  153  9:30  Overseer  
  155  9:33  Zergling x8  
  159  9:41  Baneling x12  
  159  9:43  Overlord  
  159  9:44  Drone x3  
  162  9:49  Mutalisk  
  162  9:52  Zergling x2  
  165  9:53  Zergling x4  
  165  9:54  Overlord x2  
  165  9:57  Overseer x2  
  167  10:08  Zergling x26  
  167  10:14  Infestation Pit  
  178  10:21  Baneling  
  178  10:22  Baneling x12  
  178  10:25  Drone x2  
  178  10:26  Spore Crawler, Drone x3  
  178  10:27  Spine Crawler  
  180  10:28  Baneling  
  180  10:29  Baneling x8  
  180  10:31  Mutalisk  
  180  10:33  Zergling x4  
  180  10:47  Zergling x2  
  180  10:48  Zergling x28  
  172  11:08  Hive  
  172  11:10  Drone x3  
  161  11:13  Mutalisk x4  
  161  11:16  Drone x3  
  161  11:17  Drone  
  161  11:18  Zergling x2  
  162  11:22  Drone  
  162  11:23  Drone x3  
  162  11:25  Drone x2  
  163  11:30  Drone x3  
  163  11:31  Drone  
  163  11:33  Mutalisk  
  163  11:39  Baneling x10  
  163  11:46  Mutalisk x2  
  163  11:47  Mutalisk  
  155  11:48  Zergling x2  
  155  11:49  Zergling x2  
  155  11:52  Drone x3  
  155  11:53  Drone  
  167  11:55  Baneling x5  
  167  11:56  Baneling  
  166  12:02  Pneumatized Carapace  
  166  12:07  Spore Crawler  
  166  12:08  Zergling x16  
  171  12:15  Zergling x14  
  172  12:27  Mutalisk x3  
  174  12:34  Zergling x28  
  171  12:41  Ultralisk Cavern  
  171  12:43  Drone  
  171  12:44  Drone x5  
  176  12:46  Zergling x2  
  176  12:47  Zergling x4  
  170  12:52  Drone x5  
  170  12:55  Overlord  
  175  13:02  Drone x2  
  176  13:12  Overseer x3  
  176  13:13  Overseer  
  176  13:17  Zergling x2  
  176  13:18  Zergling x20, Hatchery  
  186  13:24  Baneling x7  
  178  13:38  Ultralisk x3  
  178  13:39  Chitinous Plating  
  185  13:46  Baneling x7  
  182  13:51  Baneling x4  
  182  13:52  Zergling x6  
  182  13:53  Zergling x12  
  168  14:00  Zergling x2  
  168  14:01  Zergling x16  
  169  14:09  Zergling x18  
  165  14:17  Baneling x14  
  164  14:20  Zergling x6  
  167  14:32  Drone  
  167  14:34  Zerg Ground Armor Level 3  
  167  14:38  Zergling x18  
  177  14:48  Adrenal Glands  
  177  14:50  Zergling x16  
  177  14:57  Zergling x14  
  180  15:04  Hatchery  
  166  15:18  Zerg Melee Weapons Level 3  
  166  15:26  Ultralisk x2  
  178  15:30  Drone  
  178  15:31  Drone, Extractor  
  178  15:33  Drone  
  179  15:40  Hatchery  
  179  15:41  Baneling x4  
  179  15:42  Zergling x6  
  181  15:45  Overlord x3  
  179  15:53  Baneling x3  
  179  15:54  Baneling  
  179  15:59  Baneling x10  
  179  16:04  Overlord, Spore Crawler x2  
  179  16:06  Zergling x16  
  181  16:26  Drone  
  181  16:27  Drone x3  
  181  16:28  Zergling x2  
  181  16:29  Zergling x24  
  188  16:57  Drone x3  
  188  16:59  Zergling x22  
  185  17:01  Ultralisk x2  
  183  17:28  Ultralisk x3  
  173  17:31  Zergling x36  
  173  17:36  Mutalisk x3  
  187  17:51  Zergling x2  
  187  17:52  Zergling x10  
  187  17:55  Baneling x7  
  193  18:01  Mutalisk x3  
  188  18:18  Hatchery  
  188  18:19  Zergling x2  
  193  18:20  Zergling x28  
  179  18:36  Mutalisk  
  179  18:37  Mutalisk x6  
  165  18:43  Zergling x10  
  161  18:49  Queen x2  
  161  18:51  Zergling x6  
  161  18:53  Baneling x9  
  161  18:54  Baneling x4  
  169  18:57  Zergling x2  
  169  18:58  Zergling x8  
  169  19:02  Zergling x4  
  174  19:08  Zergling x6  
  174  19:09  Zergling x2  
  163  19:17  Zergling x8  
  167  19:30  Zergling x16  
  175  19:41  Hatchery  
  174  19:45  Queen  
  174  19:51  Zergling x24  
  184  20:04  Zergling x14  
  184  20:09  Hatchery  
  184  20:11  Mutalisk x3  
  185  20:18  Zergling x2, Ultralisk  
  185  20:19  Zergling x2  
  178  20:32  Ultralisk  
  182  20:43  Zergling x30  
  182  20:47  Baneling x7  
  194  20:52  Zergling x2  
  194  20:53  Zergling x2  
  166  21:19  Zergling x2  
  166  21:20  Zergling x32  
Show
View Real Time Build Order
Export as new Build Order

Vindicta Terran 

Build Orders: Hellion Opening, Liberator Opening, Reaper Expand 

Get SALT Encoding   

  12  0:00  SCV  
  13  0:12  SCV  
  14  0:17  Supply Depot  
  14  0:24  SCV  
  15  0:38  SCV  
  15  0:39  Barracks  
  16  0:43  Refinery  
  16  0:51  SCV  
  17  1:03  SCV  
  18  1:15  SCV  
  19  1:26  Reaper  
  19  1:27  Orbital Command  
  20  1:40  Command Center  
  20  1:49  Supply Depot  
  20  1:53  SCV  
  21  1:58  Marine  
  22  2:05  SCV  
  23  2:12  Factory  
  23  2:17  SCV  
  23  2:19  Barracks Reactor  
  23  2:23  Refinery  
  23  2:29  SCV  
  24  2:41  SCV  
  25  2:52  Orbital Command  
  25  2:53  SCV  
  26  3:00  Starport  
  26  3:03  Hellion  
  26  3:04  Hellion  
  26  3:05  Marine  
  31  3:08  SCV  
  32  3:17  SCV  
  33  3:20  SCV, Supply Depot  
  33  3:25  Hellion x2  
  38  3:33  Marine  
  41  3:37  Medivac  
  41  3:38  Armory  
  41  3:40  SCV  
  42  3:41  SCV  
  42  3:48  Supply Depot  
  43  3:51  Hellion  
  43  3:54  Hellion  
  47  3:56  Marine  
  47  4:00  SCV  
  47  4:02  SCV  
  50  4:12  SCV  
  50  4:14  SCV  
  50  4:15  Barracks Tech Lab, Liberator  
  55  4:25  Command Center  
  55  4:26  SCV  
  56  4:32  SCV  
  56  4:38  Supply Depot  
  57  4:44  Hellion x3  
  57  4:45  SCV  
  57  4:46  Hellion  
  57  4:47  Marine  
  57  4:49  Factory Reactor  
  57  4:50  Stimpack  
  57  4:51  SCV, Barracks  
  56  4:53  Barracks  
  56  4:59  Starport Reactor  
  56  5:02  SCV  
  56  5:05  SCV, Engineering Bay  
  56  5:06  Engineering Bay  
  58  5:14  SCV, Refinery  
  58  5:17  SCV  
  60  5:23  Supply Depot  
  60  5:28  Barracks x2  
  58  5:37  SCV  
  58  5:40  SCV  
  54  5:44  Medivac x2  
  54  5:48  Terran Infantry Weapons Level 1, Orbital Command  
  54  5:49  Marine x2  
  58  5:50  Marine  
  58  5:51  Factory Tech Lab  
  58  5:57  SCV  
  60  5:59  Terran Infantry Armor Level 1  
  60  6:00  Marine  
  62  6:06  Marine x2  
  62  6:07  Refinery  
  62  6:09  Siege Tank  
  66  6:12  SCV, Marine  
  66  6:15  SCV  
  71  6:19  Barracks Reactor  
  71  6:21  Marine  
  71  6:22  Orbital Command, Marine  
  71  6:24  SCV  
  72  6:28  Marine x2  
  72  6:32  Combat Shield  
  75  6:33  SCV  
  75  6:35  Barracks Reactor  
  75  6:36  SCV  
  75  6:38  Supply Depot  
  75  6:39  Supply Depot, Marine  
  76  6:40  Marine  
  76  6:46  SCV, Marine  
  81  6:47  SCV  
  81  6:48  SCV  
  81  6:50  Siege Tank  
  81  6:52  Marine  
  86  6:58  SCV  
  86  7:00  SCV  
  88  7:02  Supply Depot, Marine  
  88  7:03  Marine  
  88  7:04  Marine x2  
  88  7:05  Marine  
  93  7:11  SCV x2  
  93  7:15  Marine x2  
  95  7:18  SCV  
  95  7:21  Drilling Claws  
  95  7:22  Marine x2, Siege Tank  
  98  7:23  SCV x2, Factory  
  98  7:24  Marine x2  
  98  7:26  Marine  
  104  7:31  Refinery  
  104  7:32  SCV  
  104  7:36  Marine x2  
  106  7:38  SCV x2  
  106  7:40  Supply Depot, Marine  
  106  7:41  Marine  
  106  7:43  Supply Depot  
  106  7:44  SCV, Marine  
  106  7:45  Marine x2  
  106  7:46  Marine x2  
  106  7:50  SCV x2  
  114  7:54  Marine x2  
  114  7:57  Widow Mine, Terran Infantry Weapons Level 2  
  110  7:58  Terran Infantry Armor Level 2  
  110  8:06  Marine x2  
  110  8:07  Factory Reactor  
  110  8:08  SCV  
  110  8:09  Marine  
  110  8:10  Supply Depot, Medivac  
  116  8:13  Marine x2  
  116  8:14  Marine x3  
  117  8:26  Medivac  
  107  8:31  Missile Turret  
  107  8:33  Missile Turret x2  
  106  8:36  Bunker, Marine  
  106  8:37  Marine x2  
  106  8:40  SCV x2  
  110  8:44  Widow Mine x2  
  110  8:45  Thor  
  110  8:46  Marine x2  
  121  8:54  Marine  
  121  8:55  Command Center  
  121  8:59  Marine  
  122  9:03  Marine, Sensor Tower  
  122  9:04  Marine  
  122  9:05  Widow Mine  
  122  9:06  Marine  
  122  9:07  Missile Turret  
  127  9:10  Marine x2  
  127  9:14  Widow Mine  
  130  9:18  Marine x2  
  130  9:21  Supply Depot  
  130  9:23  Terran Vehicle And Ship Armor Level 1  
  132  9:24  Supply Depot  
  132  9:26  Supply Depot  
  132  9:28  Thor  
  139  9:33  Liberator  
  141  9:42  Marine x3, Liberator  
  141  9:44  Marine x2  
  149  9:50  Supply Depot  
  149  9:51  Marine  
  149  9:57  Marine  
  149  9:58  Marine  
  149  9:59  Widow Mine  
  153  10:01  Marine x3  
  153  10:03  Marine  
  153  10:06  Marine  
  159  10:09  Supply Depot  
  159  10:11  Thor  
  159  10:13  Marine  
  166  10:15  Terran Infantry Weapons Level 3, Marine  
  166  10:20  Supply Depot  
  166  10:22  Terran Infantry Armor Level 3  
  166  10:24  Widow Mine  
  166  10:26  Marine  
  168  10:31  Medivac  
  168  10:34  Missile Turret  
  168  10:35  Missile Turret  
  168  10:37  Widow Mine  
  168  10:38  SCV  
  168  10:39  Orbital Command  
  168  10:41  SCV, Marine x2  
  170  10:44  Marine  
  170  10:46  Marine  
  170  10:49  Medivac  
  170  10:51  SCV  
  170  10:53  SCV, Widow Mine  
  171  10:58  Widow Mine  
  170  11:08  Marine  
  164  11:11  Planetary Fortress  
  164  11:13  SCV  
  164  11:14  Marine  
  164  11:15  Marine  
  164  11:17  Medivac, Widow Mine  
  164  11:19  Medivac  
  164  11:20  Marine  
  164  11:22  Marine  
  160  11:33  Missile Turret, Marine  
  160  11:38  Marine x2  
  160  11:41  Missile Turret  
  160  11:42  Missile Turret, Widow Mine  
  158  11:47  Medivac, Marine x4  
  158  11:48  Marine  
  165  11:54  Widow Mine  
  165  11:55  Medivac  
  165  12:00  Barracks  
  168  12:01  Barracks  
  168  12:02  SCV x2  
  168  12:05  Marauder  
  168  12:06  Marine  
  168  12:10  Widow Mine x2, Marine  
  168  12:15  Marine  
  174  12:16  SCV x2  
  174  12:18  Marine x2  
  174  12:19  Marine  
  179  12:23  Marine  
  179  12:26  Medivac  
  171  12:31  SCV  
  171  12:36  Marine  
  155  12:37  Marine x2  
  155  12:43  Medivac  
  159  12:47  Marine x2  
  159  12:49  Widow Mine  
  156  12:54  Marine  
  156  12:55  Marauder  
  156  12:56  SCV  
  156  12:57  Marine  
  161  12:59  Marine  
  161  13:00  Marine  
  161  13:03  Widow Mine  
  163  13:07  Marine  
  163  13:08  SCV, Missile Turret  
  163  13:09  SCV  
  164  13:13  Barracks Tech Lab  
  164  13:14  SCV  
  164  13:18  Barracks Tech Lab  
  164  13:19  Widow Mine  
  168  13:21  Marine  
  168  13:22  Missile Turret, Marauder  
  168  13:24  Missile Turret  
  172  13:27  Widow Mine, Marine x3  
  172  13:33  Widow Mine  
  172  13:37  Marine  
  172  13:41  Marine  
  148  13:42  Marine  
  148  13:45  Marine  
  148  13:46  Orbital Command, Marine  
  148  13:48  Marine  
  151  13:49  Marine  
  151  13:52  SCV  
  151  13:53  Medivac  
  151  13:54  Medivac, Thor  
  148  13:59  Marauder  
  148  14:00  Marine  
  148  14:01  Marine  
  152  14:03  Marine  
  152  14:09  SCV x2  
  131  14:10  SCV  
  131  14:16  SCV, Widow Mine  
  134  14:18  Widow Mine  
  134  14:21  SCV  
  134  14:22  SCV  
  134  14:23  SCV  
  136  14:29  Medivac  
  139  14:32  Marine  
  139  14:34  SCV  
  139  14:35  SCV  
  139  14:37  Widow Mine  
  143  14:42  Marine, Widow Mine  
  143  14:44  Marine  
  145  14:47  Widow Mine  
  144  14:59  Widow Mine  
  146  15:02  Marine  
  146  15:03  Marauder, Widow Mine  
  146  15:04  Marauder  
  146  15:05  Marauder  
  144  15:07  Liberator  
  147  15:15  Widow Mine  
  149  15:22  Refinery  
  149  15:24  Command Center, Marauder  
  149  15:26  Marauder  
  149  15:28  Marauder  
  155  15:33  Sensor Tower  
  155  15:34  SCV, Widow Mine  
  158  15:37  SCV x3  
  161  15:43  Refinery  
  161  15:46  Marauder  
  161  15:47  Liberator  
  162  15:53  Marauder  
  164  15:58  Marauder  
  164  16:02  Marine  
  167  16:05  Widow Mine  
  167  16:07  Marauder  
  161  16:14  Marauder  
  161  16:18  Widow Mine  
  165  16:19  Marauder  
  165  16:23  Marine x2  
  169  16:27  Marine x2  
  169  16:29  Marauder  
  170  16:34  Orbital Command  
  170  16:35  Marauder  
  170  16:38  Supply Depot  
  170  16:39  Ghost Academy  
  172  16:40  Marauder  
  172  16:43  Marine, Widow Mine  
  172  16:44  Marine  
  172  16:46  Widow Mine  
  180  16:48  Marine  
  180  16:50  Marauder  
  171  17:06  Marauder x2  
  170  17:08  Planetary Fortress  
  170  17:11  Marine  
  170  17:15  Missile Turret x2  
  171  17:16  Missile Turret  
  171  17:21  Orbital Command, Marauder, Marine, Medivac  
  171  17:24  SCV, Marine  
  171  17:26  Marine  
  171  17:27  Marauder, Widow Mine  
  171  17:28  Marauder  
  165  17:32  Medivac  
  165  17:35  Marine  
  166  17:37  SCV  
  166  17:40  Widow Mine  
  166  17:43  SCV x2  
  162  17:46  Widow Mine  
  162  17:49  SCV  
  162  17:51  SCV, Widow Mine  
  167  17:55  SCV, Marauder  
  167  17:57  SCV  
  171  17:58  Supply Depot  
  171  18:01  Medivac  
  171  18:07  SCV  
  171  18:19  Supply Depot  
  171  18:20  SCV x5, Marine, Widow Mine  
  171  18:25  Widow Mine  
  175  18:33  Widow Mine  
  167  18:37  SCV  
  157  18:42  Widow Mine  
  157  18:45  Marauder, Marine  
  157  18:46  Marauder  
  157  18:47  Widow Mine, Marine  
  164  18:49  SCV x2  
  164  18:53  Marine  
  164  18:54  Widow Mine  
  169  18:58  SCV  
  169  19:02  SCV x2  
  166  19:03  Medivac, Widow Mine  
  166  19:08  Marauder  
  171  19:10  SCV  
  171  19:12  Widow Mine  
  171  19:14  Orbital Command  
  171  19:15  SCV x2  
  164  19:19  Marine  
  164  19:21  Marine  
  164  19:24  Widow Mine  
  168  19:27  Marine  
  171  19:32  SCV  
  166  19:45  Marauder x2  
  170  19:47  Concussive Shells  
  169  19:53  Marauder  
  169  19:56  Widow Mine  
  165  20:05  SCV x3  
  165  20:06  Marauder  
  166  20:07  SCV  
  166  20:09  Medivac x2  
  162  20:16  Marine  
  162  20:17  SCV x2, Widow Mine  
  162  20:18  Marine  
  162  20:19  Marine  
  168  20:25  Widow Mine  
  168  20:26  Marauder  
  166  20:31  Widow Mine  
  166  20:34  Marine  
  166  20:35  Marine  
  170  20:37  Marauder  
  170  20:39  Widow Mine  
  170  20:40  Marine  
  175  20:47  SCV x2  
  167  20:51  Marauder  
  167  20:52  Widow Mine  
  170  20:57  SCV  
  170  21:01  Marine  
  170  21:02  Marauder  
  170  21:04  Marine  
  169  21:08  Widow Mine  
  169  21:09  Marine  
  169  21:10  Marine  
  152  21:13  Widow Mine  
  152  21:18  Widow Mine  
  146  21:19  Marauder  
  146  21:20  Marine  
  146  21:22  Marine  

Tags
 
Add a new tag
Caveats
  • Supply blocks, unpowered buildings, or Contaminate may cause inaccurate times.
  • Supply counts are checked every 10 seconds.